 Dungeon Crawl Stone Soup version 0.23.2-30-g0e89c35649 (webtiles) character file.

Game seed: 5390163532070834533

248 DildoBatman the Conjurer (level 6, 0/41 HPs)
             Began as a Formicid Wizard on June 12, 2019.
             Slain by a scorpion (6 damage)
             ... on level 4 of the Dungeon.
             The game lasted 00:10:02 (2742 turns).

DildoBatman the Conjurer (Formicid Wizard)          Turns: 2742, Time: 00:10:03

Health: 0/41       AC:  2    Str: 11    XL:     6   Next: 34%
Magic:  8/10       EV: 12    Int: 20    God:
Gold:   148        SH:  5    Dex: 15    Spells: 4/11 levels left

rFire    . . .     SeeInvis +   a - +0 short sword (elec)
rCold    . . .     Gourm    .   n - +0 buckler
rNeg     . . .     Faith    .   j - +0 robe
rPois    .         Spirit   .   (helmet unavailable)
rElec    .         Reflect  .   (no cloak)
rCorr    .         Harm     .   (no gloves)
MR       +....                  (no boots)
Stlth    ++........             (no amulet)
HPRegen  0.13/turn              r - ring of protection from magic
MPRegen  0.12/turn              s - +6 ring of dexterity

@: lethally poisoned (0 -> -6)
A: permanent stasis, dig shafts and tunnels, four strong arms, antennae 3
a: Dig, Shaft Self


You were on level 4 of the Dungeon.
You were not hungry.

You visited 1 branch of the dungeon, and saw 4 of its levels.

You collected 148 gold pieces.

Inventory:

Hand Weapons
 a - a +0 short sword of electrocution (weapon)
Missiles
 b - a throwing net
 d - 108 stones (quivered)
 k - 11 poisoned needles
 l - 28 bolts
Armour
 j - a +0 robe (worn)
 n - a +0 buckler (worn)
Jewellery
 r - a ring of protection from magic (left hand)
 s - a +6 ring of dexterity (right hand)
Wands
 t - a wand of paralysis (5)
Scrolls
 c - a scroll of fog {unknown}
 e - 3 scrolls of fear {unknown}
 f - 2 scrolls of magic mapping {unknown}
 g - a scroll of remove curse {unknown}
 h - 3 scrolls of identify {unknown}
 m - 2 scrolls of noise {unknown}
 p - a scroll of enchant armour {unknown}
 q - a scroll of amnesia {unknown}
Potions
 i - a potion of flight {unknown}
 o - 2 potions of haste
 u - a potion of might {unknown}
Comestibles
 v - 6 rations


   Skills:
 - Level 1.0 Short Blades
 - Level 1.7 Dodging
 - Level 2.4 Stealth
 - Level 3.0 Shields
 - Level 3.2 Spellcasting
 * Level 4.6 Conjurations
   Level 1.0 Summonings
   Level 0.8 Translocations


You had 4 spell levels left.
You knew the following spells:

 Your Spells              Type           Power        Failure   Level  Hunger
a - Conjure Flame         Conj/Fire      ##......     16%         3    ###....
c - Magic Dart            Conj           ###.         1%          1    None
e - Mephitic Cloud        Conj/Pois/Air  #.......     22%         3    ###....

Your spell library contained the following spells:

 Spells                   Type           Power        Failure   Level  Hunger
 Call Imp                 Summ           #.......     14%         2    ##.....
 Slow                     Hex            #.......     22%         2    ##.....
 Blink                    Tloc           Unusable     N/A         2    N/A

Dungeon Overview and Level Annotations

Branches:
Dungeon (4/15)
 Temple: D:4-7

Altars:
Ashenzari
Cheibriados
Makhleb
Nemelex Xobeh
Okawaru
Sif Muna
Trog
Uskayaw
Wu Jian
Xom
Yredelemnul

Annotations:
D:3 exclusion: moth of wrath
D:4 Eustachio


Innate Abilities, Weirdness & Mutations

You cannot be hasted, slowed, berserked, paralysed or teleported.
You can dig through walls and to a lower floor.
Your four strong arms can wield two-handed weapons with a shield.
You have a pair of large antennae on your head. (SInv)


Message History

The scorpion stings you.
You are poisoned.
The scorpion poisons you!
You closely miss the scorpion.
The scorpion is moderately wounded.
You feel sick. The scorpion closely misses you.
You hit the scorpion.
The scorpion is heavily wounded.
You block the scorpion's attack.
You hit the scorpion.
The scorpion is heavily wounded.
You feel sick. The scorpion stings you! You block the scorpion's attack.
You hit the scorpion.
The scorpion is severely wounded.
You feel sick. The scorpion stings you.
You die...

... #.# .##..... #.#
..#....... #.#.###.#
.........# .......<#
.........# #######.#
.........##########.# #
...............s.##.##.#
................@##....#
.......................#
................†..#####
.........#........##### ###
..................#_#⌠###_####
.........##.......8.#.#.#.#..#
...........##.###...........8#
.........#.##.# #..........._#
.........#.##.....8.#.#.#.#.##


You could see a scorpion.

Vanquished Creatures
  2 worker ants
  10 adders
  A gnoll (D:1)
  2 oozes
  2 dart slugs (D:1)
  5 leopard geckos
  2 orcs (D:3)
  4 giant cockroaches
  7 goblins
  7 hobgoblins
  7 jackals
  2 quokkas (D:3)
  A ball python (D:3)
  12 bats
  2 frilled lizards
  10 kobolds
  7 rats
83 creatures vanquished.

Notes
Turn   | Place    | Note
-------+----------+-------------------------------------------
     0 | D:1      | DildoBatman the Formicid Wizard began the quest for the
                  | Orb.
     0 | D:1      | Reached XP level 1. HP: 13/13 MP: 4/4
     8 | D:1      | Reached skill level 1 in Conjurations
   401 | D:1      | Reached XP level 2. HP: 8/19 MP: 4/6
   567 | D:1      | Reached skill level 2 in Conjurations
   595 | D:1      | Reached XP level 3. HP: 7/24 MP: 0/7
   600 | D:1      | Learned a level 3 spell: Conjure Flame
   604 | D:1      | Learned a level 3 spell: Mephitic Cloud
   951 | D:1      | Reached skill level 3 in Conjurations
  1128 | D:2      | Reached XP level 4. HP: 29/30 MP: 2/8
  1151 | D:2      | Reached skill level 1 in Shields
  1557 | D:2      | Found a basalt altar of Yredelemnul.
  1644 | D:2      | Reached XP level 5. HP: 30/35 MP: 3/9
  1648 | D:2      | Reached skill level 1 in Short Blades
  2302 | D:3      | Noticed a moth of wrath
  2305 | D:3      | Found a bloodstained altar of Trog.
  2378 | D:3      | Found a sacrificial altar of Ru.
  2382 | D:3      | Found a basalt altar of Yredelemnul.
  2382 | D:3      | Found an iron altar of Okawaru.
  2387 | D:3      | Found a snail-covered altar of Cheibriados.
  2387 | D:3      | Found a shattered altar of Ashenzari.
  2387 | D:3      | Found a shimmering altar of Xom.
  2389 | D:3      | Reached skill level 4 in Conjurations
  2510 | D:4      | Found a hide-covered altar of Uskayaw.
  2530 | D:4      | Reached XP level 6. HP: 36/41 MP: 7/10
  2610 | D:4      | Noticed a slave
  2610 | D:4      | Noticed Eustachio
  2610 | D:4      | Noticed a slave
  2652 | D:4      | Found an ornate altar of the Wu Jian Council.
  2656 | D:4      | Found a burning altar of Makhleb.
  2660 | D:4      | Found a sparkling altar of Nemelex Xobeh.
  2660 | D:4      | Found a snail-covered altar of Cheibriados.
  2662 | D:4      | Found a shattered altar of Ashenzari.
  2663 | D:4      | Found a deep blue altar of Sif Muna.
  2664 | D:4      | Found an iron altar of Okawaru.
  2742 | D:4      | Slain by a scorpion

Skill      XL: |  1  2  3  4  5 |
---------------+----------------+-----
Conjurations   | 1 2 3 4 |  4.6
Shields        | 2 3 |  3.0
Short Blades   | 1 |  1.0
Dodging        | |  1.7
Stealth        | |  2.4
Spellcasting   | |  3.2
Summonings     | |  1.0
Translocations | |  0.8

Action                   |  1- 3 |  4- 6 || total
-------------------------+-------+-------++-------
Melee: Dagger            |    32 |       ||    32
       Short sword       |    45 |    75 ||   120
 Cast: Magic Dart        |    58 |   113 ||   171
       Mephitic Cloud    |     1 |     5 ||     6
 Abil: Dig               |     3 |     4 ||     7
  Use: Potion            |       |     3 ||     3
 Stab: Sleeping          |     4 |       ||     4
       Confused          |     1 |     2 ||     3
  Eat: Chunk             |     1 |     6 ||     7
Armor: Robe              |    17 |    21 ||    38
Dodge: Dodged            |    71 |    61 ||   132
Block: Buckler           |       |    23 ||    23
